 Dungeon Crawl Stone Soup version 0.29-a0-993-g4a18f31a58 (webtiles) character file.

Game seed: 14426923458864057906

44 frimble the Digger (level 3, 0/24 HPs)
             Began as a Demonspawn Earth Elementalist on Aug 3, 2022.
             Slain by a goblin
             ... wielding a +0 dagger
             ... led by Robin
              (2 damage)
             ... on level 2 of the Dungeon.
             The game lasted 00:01:46 (1936 turns).

frimble the Digger (Demonspawn Earth Elementalist)  Turns: 1936, Time: 00:01:47

Health: 0/24       AC:  2    Str:  8    XL:     3   Next: 41%
Magic:  6/6        EV: 12    Int: 16    God:
Gold:   75         SH:  0    Dex: 15    Spells: 5/6 levels left

rFire   . . .      SeeInvis .   c - +0 short sword
rCold   . . .      Faith    .   (no shield)
rNeg    . . .      Spirit   .   a - +0 robe
rPois   .          Reflect  .   (no helmet)
rElec   .          Harm     .   (no cloak)
rCorr   .          Rampage  .   (no gloves)
Will    .....                   (no boots)
Stlth   ++........              (no amulet)
HPRegen 0.08/turn               (no ring)
MPRegen 0.10/turn               (no ring)

@: hasted, very quick
A: demonic magic 2, deterioration 2
a: no special abilities


You were on level 2 of the Dungeon.
You visited 1 branch of the dungeon, and saw 2 of its levels.

You collected 75 gold pieces.

Inventory:

Hand Weapons
 c - a +0 short sword (weapon)
Armour
 a - a +0 robe (worn)
Potions
 b - a potion of magic


   Skills:
 + Level 1.1 Short Blades
 - Level 1.7 Dodging
 - Level 1.7 Stealth
 - Level 2.0 Spellcasting
 - Level 0.8 Transmutations
 + Level 3.8 Earth Magic


You had 5 spell levels left.
You knew the following spells:

 Your Spells              Type           Power      Damage    Failure   Level
a - Sandblast             Erth           26%        2d8       4%          1

Your spell library contained the following spells:

 Spells                   Type           Power      Damage    Failure   Level
 Passwall                 Tmut/Erth      7%         N/A       12%         2
 Stone Arrow              Conj/Erth      14%        3d7       28%         3
 Petrify                  Tmut/Erth      9%         N/A       61%         4


Dungeon Overview and Level Annotations

Branches:
Dungeon (2/15)

Altars:

Annotations:
D:2 Robin


Innate Abilities, Weirdness & Mutations

Spells you cast may paralyse nearby enemies.
Your body often deteriorates upon taking damage.


Message History

You feel yourself wasting away.
You feel your body start to fall apart. The goblin misses you.
It was a potion of haste.
You feel yourself speed up. The goblin hits you but does no damage.
You see here a +0 leather armour.
The goblin seems to regain its courage.
You aren't carrying any items that you can evoke.
As you read the scroll of summoning, it crumbles to dust.
Wisps of shadow whirl around you... What are your orders? t - Shout!
Orders for allies: a - Attack new target. p - Attack previous target. r - Retreat! s - Stop attacking. g - Guard the area. f - Follow me.
Anything else - Cancel.
Gang up on whom?
Press: ? - help, Dir - move target, f/p - Robin
Aim: Robin, wielding a +0 mace, wearing a +0 animal skin and wearing a +0 helmet (lightly wounded) Attack!
The goblin closely misses your hobgoblin.
Your hobgoblin barely misses the goblin.
Your ball python bites Robin.
Your ball python grabs Robin.
Your ball python constricts Robin.
The goblin hits your hobgoblin with a +0 dagger.
Your hobgoblin closely misses the goblin.
Your ball python bites Robin.
Your ball python constricts Robin.
The goblin closely misses your hobgoblin.
Robin throws the goblin at you!
* * * LOW HITPOINT WARNING * * *
Your ball python bites Robin but does no damage.
Your ball python constricts Robin.
Something closely misses your hobgoblin.
The goblin misses you. Robin barely misses your ball python.
Your ball python loses its grip on something.
Your ball python bites Robin.
Your ball python grabs Robin.
Your ball python constricts Robin.
Your hobgoblin hits Robin.
Robin roars a battlecry!
The goblin goes into a battle-frenzy!
Something hits your hobgoblin. The goblin hits you with a +0 dagger.
You die...

#.# #.# #.# ### #####.# #.#
#.....# #.# #.###.# #########.#
#.# #.####### #.........#
####.###.gSh...######.#######.###
.....[...gKh.h.g@................
####.#######.#h######.#######.###
#)#######.#.######.##### #.###
........h..............###....
#.########.########.###..##....
.. #.########.# ##.##.... ##.
#.#......#.# #.###... #.
#####.#^####.#.####.###...
#.......# #.........#####


You could see Robin (distracted, ally target), a goblin (strong), 4 friendly
jackals, a friendly hobgoblin (summoned), a friendly ball python (summoned) and
a friendly kobold (summoned).

Vanquished Creatures
  An adder (D:2)
  A worm (D:2)
  A dart slug (D:2)
  2 ball pythons
  An endoplasm (D:1)
  2 giant cockroaches (D:1)
  5 goblins
  4 hobgoblins
  A quokka (D:1)
  3 bats
  5 frilled lizards (D:2)
  2 kobolds
  A rat (D:2)
29 creatures vanquished.

Notes
Turn   | Place    | Note
-------+----------+-------------------------------------------
     0 | D:1      | frimble the Demonspawn Earth Elementalist began the quest
                  | for the Orb.
     0 | D:1      | Reached XP level 1. HP: 13/13 MP: 3/3
    79 | D:1      | Reached skill level 3 in Earth Magic
   280 | D:1      | Found a faded altar of an unknown god.
   283 | D:1      | Gained mutation: Spells you cast may paralyse adjacent
                  | enemies. [demonic ancestry]
   283 | D:1      | Reached XP level 2. HP: 19/19 MP: 3/5
  1546 | D:2      | Reached skill level 1 in Short Blades
  1546 | D:2      | Gained mutation: Spells you cast may paralyse nearby
                  | enemies. [demonic ancestry]
  1546 | D:2      | Reached XP level 3. HP: 6/24 MP: 3/6
  1889 | D:2      | Noticed Robin
  1903 | D:2      | HP: 1/24 [goblin/+0 dagger[Robin] (3)]
  1910 | D:2      | Gained mutation: Your body sometimes deteriorates upon
                  | taking damage. [potion of mutation]
  1910 | D:2      | Gained mutation: Your body often deteriorates upon taking
                  | damage. [potion of mutation]
  1931 | D:2      | HP: 1/24 [Robin/goblin (1)]
  1936 | D:2      | Slain by a goblin

Illustrated notes

Levels and vault maps discovered:
D:1:      dpeg_arrival_long_road, layout_basic, ebering_ecumenical_altar_rust,
          nicolae_titane
D:2:      layout_basic, nicolae_figureground_sparkle, uniq_robin

Skill      XL: |  1  2 |
---------------+-------+-----
Earth Magic    | 3 |  3.8
Short Blades   | 1 |  1.1
Dodging        | |  1.7
Stealth        | |  1.7
Spellcasting   | |  2.0
Transmutations | |  0.8

Action                   || total
-------------------------++-------
Melee: Unarmed           ||     6
       Short sword       ||    55
       Punch             ||     3
 Cast: Sandblast         ||    24
  Use: Scroll            ||     4
       Potion            ||     2
 Stab: Paralysed         ||    12
       Sleeping          ||     2
Armor: Robe              ||    15
Dodge: Dodged            ||    51

Table legend: (Time is in decaauts)
 A = Elapsed time spent in this place.
 B = Non-inter-level travel time spent in this place.
 C = Inter-level travel time spent in this place.
 D = Time resting spent in this place.
 E = Time spent auto-exploring this place.
 F = Levels seen in this place.
 G = Mean time per level.
                   A        B        C        D        E       F      G
               +--------+--------+--------+--------+--------+-----+--------+
         Total |   1955 |   1943 |     12 |      0 |   1681 |   2 |  977.5 |
       Dungeon |   1955 |   1943 |     12 |      0 |   1681 |   2 |  977.5 |
               +--------+--------+--------+--------+--------+-----+--------+

Top non-repeatable levels by time:
     D:2: 1225 daAuts
     D:1: 729 daAuts
